Map: [ESL] Cosmic Sapphire

Players

Serral - Winner!

  • Race: Zerg Zerg
  • Spawn Location: 11:00

DnS

  • Race: Protoss Protoss
  • Spawn Location: 5:00

Event: DreamHack SC2 Masters 2022 Atlanta (Online)

VOD

Have the link to the VOD?

Description

Time

  • Played on: Sept. 28, 2022, 12:29 p.m.
  • Length: 5:11

All games in this series

Show
View Real Time Build Order
Export as new Build Order

Serral Zerg - Winner!

Build Orders: Hatch First, Ravager All-In 

Get SALT Encoding   

  12  0:00  Drone  
  13  0:12  Overlord  
  13  0:17  Drone  
  14  0:30  Drone  
  14  0:31  Drone  
  16  0:48  Hatchery  
  15  0:50  Drone  
  15  0:54  Drone  
  17  0:57  Drone  
  18  1:08  Extractor  
  17  1:12  Spawning Pool  
  17  1:16  Drone  
  17  1:18  Drone  
  18  1:27  Drone  
  19  1:38  Drone  
  20  2:00  Queen  
  25  2:01  Zergling x6  
  25  2:03  Roach Warren  
  25  2:07  Extractor  
  23  2:13  Zergling x2, Overlord  
  24  2:27  Overlord  
  24  2:36  Queen  
  26  2:43  Roach x2  
  30  2:50  Roach  
  32  2:56  Roach  
  34  3:04  Ravager x2  
  36  3:09  Overlord  
  36  3:15  Roach  
  38  3:24  Overlord  
  38  3:29  Ravager  
  38  3:33  Roach  
  41  3:40  Roach  
  43  3:42  Ravager  
  44  4:07  Ravager  
  44  4:10  Drone x2  
  44  4:12  Hatchery  
  44  4:14  Drone  
  46  4:24  Drone x3  
  46  4:29  Drone  
  50  4:33  Overlord  
  50  4:36  Drone  
  50  4:54  Drone  
  50  4:55  Drone  
  50  4:56  Drone  
Show
View Real Time Build Order
Export as new Build Order

DnS Protoss 

Build Orders:  

Get SALT Encoding   

  12  0:00  Probe  
  13  0:13  Probe  
  14  0:25  Probe  
  15  0:34  Pylon  
  15  0:52  Gateway  
  15  0:54  Gateway  
  15  0:57  Forge  
  15  1:00  Probe  
  16  1:38  Zealot (Chrono Boost), Pylon  
  18  1:40  Zealot (Chrono Boost)  
  20  2:00  Photon Cannon  
  20  2:01  Photon Cannon  
  20  2:02  Photon Cannon  
  20  2:06  Photon Cannon  
  20  2:09  Zealot (Chrono Boost)  
  23  2:15  Probe  
  23  2:27  Pylon  
  23  2:32  Probe  
  23  2:33  Assimilator  
  24  2:49  Probe  
  24  2:50  Photon Cannon  
  26  3:05  Probe, Cybernetics Core  
  26  3:17  Probe  
  24  3:27  Assimilator  
  24  3:29  Probe  
  24  3:42  Adept x2, Probe  
  29  3:48  Pylon  
  29  3:59  Probe  
  27  4:13  Stargate  
  27  4:16  Probe  
  26  4:29  Probe  
  26  4:31  Shield Battery  
  27  4:37  Pylon  
  27  4:41  Probe  
  28  4:53  Probe  
  32  5:06  Pylon  
Tags
 
Add a new tag
Caveats
  • Supply blocks, unpowered buildings, or Contaminate may cause inaccurate times.
  • Supply counts are checked every 10 seconds.